 Dungeon Crawl Stone Soup version 0.27.1-1-g398f81649c (webtiles) character file.

Game seed: 14625230106551432849

2892 acemry the Tainter (level 9, -2/53 HPs)
             Began as an Octopode Transmuter on Sept 6, 2021.
             Succumbed to a killer bee's poison
             ... on level 8 of the Dungeon on Sept 7, 2021.
             The game lasted 00:31:31 (7452 turns).

acemry the Tainter (Octopode Transmuter)            Turns: 7452, Time: 00:31:32

Health: -2/53      AC:  2    Str: 10    XL:     9   Next: 77%
Magic:  10/12      EV: 20    Int: 18    God:
Gold:   243        SH:  0    Dex: 27    Spells: 4/12 levels left

rFire    . . .     SeeInvis .     - Unarmed
rCold    . . .     Faith    .   (shield currently unavailable)
rNeg     . . .     Spirit   .   (helmet currently unavailable)
rPois    x         Reflect  .   e - amulet of regeneration
rElec    .         Harm     .   c - +6 ring of dexterity
rCorr    +         Rampage  .   b - ring of willpower
Will     +....                  p - ring of resist corrosion
Stlth    ++........             (no ring)
HPRegen  1.17/turn              (no ring)
MPRegen  0.13/turn              (no ring)
                                (no ring)
                                (no ring)

@: lethally poisoned (-2 -> -25), spider-form (expiring)
A: venomous fangs, almost no armour, (amphibious), 8 rings, tiny, (camouflage
1), (gelatinous body 1), (nimble swimmer 1), (tentacles), agile 2
a: End Transformation


You were on level 8 of the Dungeon.
You were a venomous arachnid creature.
You visited 2 branches of the dungeon, and saw 9 of its levels.
You also visited: Sewer.

You collected 397 gold pieces.
You spent 154 gold pieces at shops.

Inventory:

Hand Weapons
 a - a +3 vorpal hand crossbow
 f - a +2 dagger of venom
 g - a +1 vampiric whip
 r - the +2 dagger "Wan Raocits" {freeze, Str+6 Dex-2}
   (You bought it in a shop on level 4 of the Dungeon)

   It freezes those it strikes, dealing additional cold damage.
   It can also slow down cold-blooded creatures.
   Str:       It affects your strength (+6).
   Dex:       It affects your dexterity (-2).
Missiles
 h - 20 bolts
 i - 44 poisoned darts
 l - a throwing net
 x - a curare-tipped dart
Armour
 n - the +3 warlock's mirror (melded) {reflect}
   (You acquired it on level 5 of the Dungeon)

   It can block and reflect piercing ranged attacks and magical attacks against
   the wielder's willpower.
Jewellery
 b - a ring of willpower (right front leg)
 c - a +6 ring of dexterity (left front leg)
 e - an amulet of regeneration (around neck)
 p - a ring of resist corrosion (on tentacle)
 s - an amulet of magic regeneration
Wands
 m - a wand of flame (11)
 q - a wand of charming (8)
 u - a wand of digging (5)
 v - a wand of polymorph (9)
Scrolls
 j - a scroll of fog
 k - 2 scrolls of identify
Potions
 d - a potion of attraction
 o - a potion of resistance
 t - a potion of magic
 w - a potion of flight
 z - a potion of might
 A - 2 potions of berserk rage


   Skills:
 - Level 1.0 Fighting
 - Level 2.0 Dodging
 - Level 4.3 Shields
 - Level 3.0 Unarmed Combat
 - Level 2.0 Spellcasting
 + Level 8.6 Transmutations
 * Level 4.6 Ice Magic
 + Level 9.1 Poison Magic


You had 4 spell levels left.
You knew the following spells:

 Your Spells              Type           Power      Damage    Failure   Level
a - Beastly Appendage     Tmut           66%        N/A       3%          1
b - Spider Form           Tmut/Pois      16%        N/A       6%          3
c - Ice Form              Ice/Tmut       25%        N/A       28%         4

Your spell library contained the following spells:

 Spells                   Type           Power      Damage    Failure   Level
 Wereblood                Tmut           33%        N/A       4%          2
 Passwall                 Tmut/Erth      14%        N/A       14%         2
 Ozocubu's Armour         Ice            18%        N/A       22%         3
 Shock                    Conj/Air       4%         1d3       38%         1
 Slow                     Hex            1%         N/A       47%         2
 Confusing Touch          Hex            1%         N/A       69%         3
 Dazzling Flash           Conj/Hex       2%         N/A       69%         3
 Swiftness                Air            1%         N/A       69%         3
 Vampiric Draining        Necr           0%         2d6       69%         3
 Airstrike                Air            0%         N/A       96%         4
 Iskenderun's Mystic Bla  Conj/Tloc      1%         2d3       96%         4
 Invisibility             Hex            0%         N/A       100%        6
 Starburst                Conj/Fire      0%         6d3       100%        6
 Ozocubu's Refrigeration  Ice            9%         4d6       100%        7


Dungeon Overview and Level Annotations

Branches:
Dungeon (8/15)             Temple (1/1) D:4           Sewer (visited)
   Lair: D:8-11

Altars:
Cheibriados
Dithmenos
Fedhas
Gozag
Hepliaklqana
Kikubaaqudgha
Makhleb
Nemelex Xobeh
Qazlal
Ru
Sif Muna
Uskayaw
Vehumet
Wu Jian
Xom
Yredelemnul
The Shining One

Shops:
D:4 (*


Innate Abilities, Weirdness & Mutations

You are a venomous arachnid creature.
You have poisonous fangs.
You are tiny and dextrous.
Your spellcasting is less reliable in this form.
Your armour is entirely melded.
You are incapable of wielding weapons or throwing items.
You cannot wear most types of armour.
((You are amphibious.))
You can wear up to eight rings at the same time.
((Your skin changes colour to match your surroundings (Stealth+).))
((Your rubbery body absorbs attacks. (AC +1, EV +1)))
((You are camouflaged near water. (Stealth+)))
((You have tentacles for arms and can constrict up to eight enemies at once.))
You are very agile. (Dex +4)


Message History

The killer bee barely misses you. The gnoll shaman misses you.
The gnoll hits you from afar with a +0 halberd!
The killer bee barely misses you. The gnoll closely misses you.
You hit the gnoll shaman.
The gnoll shaman is poisoned.
The gnoll shaman is lightly wounded.
You kill the killer bee!
The gnoll barely misses you. The killer bee stings you!
The gnoll shaman closely misses you.
The gnoll hits you from afar with a +0 halberd.
You hit the killer bee.
The killer bee is poisoned.
The killer bee is lightly wounded.
Your transformation is almost over.
You kill the gnoll!
The killer bee completely misses you. The killer bee barely misses you. x2
The gnoll shaman mumbles some strange prayers to its god against you.
You resist with almost no effort. The killer bee stings you!
* * * LOW HITPOINT WARNING * * *
You are poisoned.
The killer bee poisons you! The gnoll misses you.
Okay, then.
* * * LOW HITPOINT WARNING * * *
You feel very sick.
The killer bee misses you. x3; The killer bee barely misses you.
You hit the gnoll shaman but do no damage.
The gnoll shaman looks as sick as possible!
The gnoll shaman is moderately wounded.
* * * LOW HITPOINT WARNING * * *
You feel very sick. The killer bee closely misses you.
The killer bee misses you. The killer bee completely misses you.
The gnoll shaman calls down the wrath of its god upon you.
You resist with almost no effort. The killer bee stings you.
* * * LOW HITPOINT WARNING * * *
You are more poisoned.
The killer bee poisons you! The killer bee misses you. x2
Unknown command.
You hit the gnoll shaman.
The gnoll shaman looks as sick as possible!
The gnoll shaman is heavily wounded.
You die...

..#...............
..#...............
..#...............
..#............... .
..#............... ..
..###'##.......... ...
.......###'##..... ....
........#...####### y...[
..##))..#......§sy#gy....
..##)).##.....§gyyyg.....
..##...##.....§§y§#§.....
........#.....§§§§# .....
........#.........# ##+#
.......##...##....#
.......#######....#
..##...##...####+##
..#######...#


You could see a gnoll shaman (extremely poisoned) and 5 killer bees.

Vanquished Creatures
  Maurice (D:8)
  A wyvern (D:8)
  A water moccasin (Sewer)
  A hornet zombie (D:6)
  A black bear (D:5)
  3 sky beasts
  A necrophage (D:5)
  An ogre (D:7)
  2 centaurs
  2 kobold brigands
  2 bullfrogs
  3 scorpions
  A water moccasin skeleton (D:6)
  A wyvern skeleton (D:3)
  A killer bee (D:8)
  5 wights (D:7)
  A howler monkey (D:5)
  2 jellies
  A bullfrog skeleton (D:6)
  4 hounds
  3 centaur skeletons (D:5)
  An orc priest (D:6)
  Jessica (D:2)
  An iguana (D:6)
  Terence (D:3)
  An orc wizard (D:7)
  A killer bee zombie (D:6)
  2 hound skeletons
  4 gnolls
  2 howler monkey skeletons
  9 adders
  A white imp (D:6)
  An ufetubus (D:5)
  An adder skeleton (D:4)
  A worm (D:5)
  A dart slug (D:7)
  14 orcs
  5 endoplasms
  2 giant cockroaches (D:5)
  4 goblins
  4 hobgoblins
  4 jackals
  6 quokkas
  7 ball pythons
  4 bats
  2 frilled lizards (D:3)
  18 kobolds
  6 rats
142 creatures vanquished.

Notes
Turn   | Place    | Note
-------+----------+-------------------------------------------
     0 | D:1      | acemry the Octopode Transmuter began the quest for the Orb.
     0 | D:1      | Reached XP level 1. HP: 13/13 MP: 3/3
   323 | D:1      | Reached skill level 1 in Poison Magic
   428 | D:1      | Reached XP level 2. HP: 18/18 MP: 3/5
  1102 | D:2      | Reached skill level 2 in Poison Magic
  1102 | D:2      | Reached XP level 3. HP: 14/23 MP: 4/6
  1125 | D:2      | Learned a level 3 spell: Spider Form
  1229 | D:2      | Noticed Jessica
  1238 | D:2      | Killed Jessica
  1354 | D:2      | Reached skill level 3 in Poison Magic
  1354 | D:2      | Reached XP level 4. HP: 27/28 MP: 5/7
  1873 | D:3      | Reached XP level 5. HP: 18/33 MP: 6/8
  1911 | D:3      | Noticed Terence
  2350 | D:3      | Killed Terence
  2579 | D:3      | Reached skill level 4 in Poison Magic
  2735 | D:4      | Learned a level 4 spell: Ice Form
  2749 | D:4      | Reached XP level 6. HP: 7/38 MP: 6/9
  2799 | D:4      | Reached skill level 5 in Transmutations
  2799 | D:4      | Reached skill level 1 in Ice Magic
  2959 | D:4      | Found a staircase to the Ecumenical Temple.
  2968 | Temple   | Entered the Ecumenical Temple
  3353 | D:4      | Found Itrysuax's Antique Weapon Shoppe.
  3360 | D:4      | Bought an iridescent dagger for 154 gold pieces
  3360 | D:4      | Identified the +2 dagger "Wan Raocits" {freeze, Str+6
                  | Dex-2} (You bought it in a shop on level 4 of the Dungeon)
  3442 | D:4      | Found Hetroul's Gadget Gallery.
  3529 | D:4      | You fall into a shaft and drop 2 floors!
  3529 | D:6      | Found a sacrificial altar of Ru.
  3579 | D:6      | Reached XP level 7. HP: 13/43 MP: 8/10
  3658 | D:6      | Reached skill level 5 in Poison Magic
  3874 | D:5      | Entered Level 5 of the Dungeon
  4011 | D:5      | Identified a scroll of acquirement
  4011 | D:5      | Acquired the +3 warlock's mirror {reflect}
  4011 | D:5      | Found the +3 warlock's mirror {reflect}
  4116 | D:5      | Reached skill level 1 in Shields
  4116 | D:5      | Reached skill level 6 in Poison Magic
  4116 | D:5      | Reached XP level 8. HP: 30/48 MP: 5/11
  4306 | D:5      | Found a glowing drain.
  4321 | Sewer    | Entered a sewer
  5168 | D:6      | Reached skill level 7 in Poison Magic
  5253 | D:6      | Found a radiant altar of Vehumet.
  5253 | D:6      | Found a shimmering altar of Xom.
  5260 | D:6      | Found an ancient bone altar of Kikubaaqudgha.
  5263 | D:6      | Found a hide-covered altar of Uskayaw.
  5276 | D:6      | Found a basalt altar of Yredelemnul.
  5472 | D:7      | Reached XP level 9. HP: 33/53 MP: 8/12
  5654 | D:7      | Gained mutation: You are agile. (Dex +2) [potion of
                  | mutation]
  5654 | D:7      | Gained mutation: You are very agile. (Dex +4) [potion of
                  | mutation]
  6254 | D:7      | Found a snail-covered altar of Cheibriados.
  6718 | D:7      | Reached skill level 8 in Poison Magic
  7273 | D:8      | Noticed Maurice
  7346 | D:8      | Killed Maurice
  7373 | D:8      | Reached skill level 9 in Poison Magic
  7452 | D:8      | Succumbed to a killer bee's poison

Illustrated notes

Levels and vault maps discovered:
D:1:      eino_arrival_tree_alley, layout_loops_corners, kennysheep_another_room
D:2:      layout_loops_ring, kennysheep_generic_room_5, uniq_jessica
D:3:      layout_basic, uniq_terence
D:4:      minmay_evil_eye, layout_basic, minmay_temple_entry_glassed_door,
          serial_shops, shop, hangedman_feature_mirror, nicolae_shop_gadgets
D:5:      layout_rooms, gup_sewer_entry_bubbles
D:6:      layout_basic, mainiacjoe_overflow_cross_hatched,
          chequers_temple_overflow_minitemple
D:7:      layout_basic, kennysheep_slug_shrine, lemuel_another_geyser
D:8:      layout_gridville, grunt_temple_overflow_bloody_war,
          general_overflow_altar, uniq_maurice, uniq_erica, uniq_joseph
Temple:   cyrus_temple_forest

Skill      XL: |  1  2  3  4  5  6  7  8  9 |
---------------+----------------------------+-----
Poison Magic   | 1 2 3 4 6 7 9 |  9.1
Transmutations | 3 4 5 6 7 8 |  8.6
Ice Magic      | 2 3 4 |  4.6
Shields        | 1 4 |  4.3
Fighting       | |  1.0
Dodging        | |  2.0
Unarmed Combat | |  3.0
Spellcasting   | |  2.0

Action                   |  1- 3 |  4- 6 |  7- 9 || total
-------------------------+-------+-------+-------++-------
Melee: Unarmed           |    47 |   128 |   378 ||   553
       Constrict         |    14 |    11 |     3 ||    28
       Tentacles         |     9 |    11 |     1 ||    21
       Kick              |    14 |    17 |       ||    31
       Punch             |     2 |     2 |       ||     4
 Cast: Beastly Appendage |    18 |    22 |       ||    40
       Spider Form       |     1 |    11 |    42 ||    54
       Ice Form          |       |       |     1 ||     1
  Use: Scroll            |     3 |     3 |    12 ||    18
       Potion            |       |     3 |     5 ||     8
 Stab: Sleeping          |     5 |     5 |     3 ||    13
Armor: Skin              |     6 |    14 |    23 ||    43
Dodge: Dodged            |    27 |    73 |   361 ||   461
Block: Buckler           |       |       |     3 ||     3
